 Dungeon Crawl Stone Soup version 0.22.1-1-ga44c0e56f4 (webtiles) character file.

237 Zarr the Sneak (level 6, -1/32 HPs)
             Began as a Kobold Enchanter on Sept 26, 2018.
             Slain by a bullfrog skeleton (6 damage)
             ... on level 4 of the Dungeon.
             The game lasted 00:36:34 (4401 turns).

Zarr the Sneak (Kobold Enchanter)                   Turns: 4401, Time: 00:36:35

Health: -1/32      AC:  3    Str:  5    XL:     6   Next: 28%
Magic:  9/10       EV: 15    Int: 16    God:
Gold:   210        SH:  0    Dex: 18    Spells: 2/11 levels left

rFire    . . .     SeeInvis .   a - +1 dagger
rCold    . . .     Gourm    .   (shield restricted)
rNeg     . . .     Faith    .   b - +0 robe
rPois    .         Spirit   .   g - +0 helmet
rElec    .         Reflect  .   (no cloak)
rCorr    .         Harm     .   (no gloves)
MR       .....                  (no boots)
Stlth    +++.......             (no amulet)
HPRegen  0.10/turn              (no ring)
MPRegen  0.12/turn              (no ring)

@: no status effects
A: small, carnivore
a: no special abilities


You were on level 4 of the Dungeon.
You were very full.

You visited 1 branch of the dungeon, and saw 4 of its levels.

You collected 210 gold pieces.

Inventory:

Hand Weapons
 a - a +1 dagger (weapon)
 q - a +0 hunting sling
Armour
 b - a +0 robe (worn)
 g - a +0 helmet (worn)
 k - a +0 leather armour
 p - a +0 large shield
Scrolls
 i - a scroll of noise {unknown}
 j - a scroll of amnesia {unknown}
 l - a scroll of fog {unknown}
 m - a scroll of teleportation {unknown}
 o - a scroll of blinking {unknown}
Potions
 e - a potion of might
 f - a potion of berserk rage
 h - 2 potions of haste
 n - a potion of flight
 r - a potion of heal wounds
Comestibles
 c - 2 chunks of flesh
 d - 6 rations


   Skills:
 * Level 4.0 Short Blades
 - Level 2.4 Dodging
 + Level 5.4 Stealth
 + Level 3.3 Spellcasting
 + Level 4.3 Hexes
 - Level 1.0 Ice Magic


You had 2 spell levels left.
You knew the following spells:

 Your Spells              Type           Power        Failure   Level  Hunger
a - Corona                Hex            ###....      3%          1    None
b - Ensorcelled Hibernat  Hex/Ice        ##....       9%          2    ##.....
c - Tukima's Dance        Hex            ###.....     10%         3    ###....
d - Confuse               Hex            ###.....     10%         3    ###....

Your spell library contained the following spells:

 Spells                   Type           Power        Failure   Level  Hunger
 Dazzling Spray           Conj/Hex       #.....       22%         3    ###....


Dungeon Overview and Level Annotations

Branches:
Dungeon (4/15)
 Temple: D:4-7

Altars:
Cheibriados
Sif Muna
Zin

Annotations:
D:3 brittlin's ghost, amateur HOFi


Innate Abilities, Weirdness & Mutations

You are small and have problems with some larger weapons.
You are carnivorous and can eat meat at any time.


Message History

The bullfrog skeleton stops glowing.
The bullfrog skeleton hits you but does no damage.
You hit the bullfrog skeleton but do no damage.
The bullfrog skeleton is severely damaged.
The bullfrog skeleton hits you.
You hit the bullfrog skeleton.
The bullfrog skeleton is severely damaged.
The bullfrog skeleton misses you.
You hit the bullfrog skeleton.
The bullfrog skeleton is almost destroyed.
The bullfrog skeleton hits you.
* * * LOW HITPOINT WARNING * * *
Casting: Corona (safe; 3% risk of failure)
Confirm with . or Enter, or press ? or * to list all spells.
Aiming: Corona (safe; 3% risk of failure)
Press: ? - help, Shift-Dir - straight line, f/p - bullfrog skeleton
Aim: a bullfrog skeleton (almost destroyed, chance to defeat MR: 67%)
The bullfrog skeleton is outlined in light.
The bullfrog skeleton hits you.
You die...

#.#....# #..###.#
##.# # #.# #.#
#####.# ###
##...#.#
###...##.###..###.#
.......@.# #>.....#
......Z#.###.######
##.....##...##
##...# ##### ####


You could see a bullfrog skeleton.

Vanquished Creatures
  An ogre (D:4)
  A crimson imp (D:3)
  Terence (D:3)
  A hound skeleton (D:3)
  2 adders (D:3)
  4 worms
  A dart slug (D:3)
  2 leopard geckos (D:3)
  An orc (D:3)
  4 giant cockroaches
  A goblin (D:3)
  8 hobgoblins
  2 jackals (D:3)
  8 kobolds
  A quokka (D:3)
  2 ball pythons
  3 bats
  4 frilled lizards
  A quokka skeleton (D:4)
  4 rats
52 creatures vanquished.

Notes
Turn   | Place    | Note
-------+----------+-------------------------------------------
     0 | D:1      | Zarr the Kobold Enchanter began the quest for the Orb.
     0 | D:1      | Reached XP level 1. HP: 10/10 MP: 3/3
   573 | D:1      | Reached XP level 2. HP: 15/15 MP: 5/5
   580 | D:1      | Learned a level 2 spell: Ensorcelled Hibernation
  2110 | D:2      | Reached XP level 3. HP: 19/19 MP: 3/6
  3379 | D:3      | Found a glowing silver altar of Zin.
  3382 | D:3      | Found a snail-covered altar of Cheibriados.
  3385 | D:3      | Found a deep blue altar of Sif Muna.
  3415 | D:3      | Noticed Terence
  3475 | D:3      | Killed Terence
  3475 | D:3      | Reached skill level 1 in Ice Magic
  3475 | D:3      | Reached XP level 4. HP: 24/24 MP: 4/8
  3719 | D:3      | Reached XP level 5. HP: 28/28 MP: 9/9
  3784 | D:3      | Reached skill level 5 in Stealth
  3943 | D:3      | Found a runed door.
  3943 | D:3      | Noticed brittlin's ghost (amateur HOFi)
  4311 | D:4      | Noticed an ogre
  4317 | D:4      | Killed an ogre
  4317 | D:4      | Reached XP level 6. HP: 32/32 MP: 7/10
  4322 | D:4      | Learned a level 3 spell: Tukima's Dance
  4340 | D:4      | Learned a level 3 spell: Confuse
  4401 | D:4      | Slain by a bullfrog skeleton

Skill      XL: |  1  2  3  4  5 |
---------------+----------------+-----
Short Blades   | 2 4 |  4.0
Ice Magic      | 1 |  1.0
Hexes          | 4 |  4.3
Stealth        | 5 |  5.4
Spellcasting   | 3 |  3.3
Dodging        | |  2.4

Action                   |  1- 3 |  4- 6 || total
-------------------------+-------+-------++-------
Melee: Dagger            |   239 |    69 ||   308
 Cast: Corona            |    14 |     6 ||    20
       Ensorcelled Hiber |    35 |     9 ||    44
  Use: Scroll            |     3 |     5 ||     8
       Potion            |       |     1 ||     1
 Stab: Sleeping          |    15 |    12 ||    27
  Eat: Chunk             |    17 |     5 ||    22
Armor: Robe              |    25 |     6 ||    31
       Leather armour    |    11 |       ||    11
Dodge: Dodged            |   155 |    37 ||   192
